 Dungeon Crawl Stone Soup version 0.32-a0-938-g40ac7a0f4d (webtiles) character file.

Game seed: 12324011136469125293

361 DEFE the Basher (level 6, -1/47 HPs)
             Began as a Coglin Fighter on Apr 15, 2024.
             Slain by Dowan
             ... wielding a +2 dagger of speed
              (5 damage)
             ... on level 4 of the Dungeon.
             The game lasted 00:01:55 (2628 turns).

DEFE the Basher (Coglin Fighter)                    Turns: 2628, Time: 00:01:56

Health: -1/47      AC:  8    Str: 18    XL:     6   Next: 66%
Magic:  6/6        EV:  8    Int:  7    God:
Gold:   161        SH:  0    Dex: 14    Spells: 5/5 levels left

rFire   . . .        a - +0 flail {Prasit}
rCold   . . .        i - +2 dagger (venom) {Doyun}
rNeg    . . .        b - +0 scale mail
rPois   .            (no helmet)
rElec   .            (no cloak)
rCorr   .            h - +0 pair of gloves
SInv    .            t - +0 pair of boots
Will    .....        (amulet unavailable) Stlth
                     (ring unavailable)
HPRegen 0.27/turn    (ring unavailable)
MPRegen 0.10/turn    (no gizmo)

%: no passive effects
@: lit by a corona, glowing, revved
A: off-hand wielding, slow wielding, warmup strikes, no jewellery
a: Invent Gizmo


You were on level 4 of the Dungeon.
You visited 1 branch of the dungeon, and saw 4 of its levels.

You collected 161 gold pieces.

Inventory:

Hand Weapons
 a - a +0 flail (weapon) {Prasit}
 i - a +2 dagger of venom (offhand) {Doyun}
Missiles
 r - 4 curare-tipped darts (quivered)
Armour
 b - a +0 scale mail (worn)
 c - a +0 buckler
 h - a +0 pair of gloves (worn)
 t - a +0 pair of boots (worn)
Scrolls
 e - 6 scrolls of identify {unknown}
 f - a scroll of immolation {unknown}
 g - a scroll of revelation {unknown}
 j - a scroll of enchant weapon {unknown}
 l - 6 scrolls of teleportation {unknown}
 m - 2 scrolls of fog {unknown}
 n - a scroll of noise {unknown}
Potions
 d - 3 potions of might
 k - a potion of curing {unknown}
 o - a potion of ambrosia {unknown}
 p - a potion of degeneration {unknown}
 q - a potion of haste {unknown}
 s - a potion of attraction {unknown}
 u - a potion of experience
 v - a potion of lignification {unknown}


   Skills:
 - Level 3.0 Fighting
 + Level 12.1 Maces & Flails
 - Level 2.6 Armour
 - Level 2.1 Shields


You had 5 spell levels left.
You didn't know any spells.
Your spell library contained the following spells:

 Spells                   Type           Power      Damage    Failure   Level
 Dispersal                Tloc           0%         N/A       100%        6
 Gell's Gavotte           Tloc           0%         2d(11-16) 100%        6
 Manifold Assault         Tloc           0%         N/A       100%        7
 Disjunction              Tloc           0%         N/A       100%        8


Dungeon Overview and Level Annotations

Branches:
Dungeon (4/15)
 Temple: D:4-7

Altars:

Annotations:
D:4 Dowan, Duvessa


Innate Abilities, Weirdness & Mutations

You can wield a second weapon in your off-hand.
It takes a long time for you to wield or remove held weapons.
Your first few attacks do less damage.
You cannot equip rings or amulets.


Message History

Duvessa is moderately wounded.
You hit Duvessa but do no damage.
Duvessa looks as sick as possible!
Duvessa says, "My weaknesses are his strengths!"
Duvessa hits you with a +0 short sword!
Dowan mumbles some strange words.
Dowan blinks!
Duvessa barely misses you.
You barely miss Duvessa with your +2 dagger of venom.
Duvessa is heavily wounded.
You hit Duvessa with your +0 flail. Duvessa hits you but does no damage.
The goblin hits you but does no damage. Duvessa hits you with a +0 short sword.
* * * LOW HITPOINT WARNING * * *
Unknown command.
Unknown command.
It was a potion of experience.
You feel more experienced!
Your Maces & Flails skill gained 7 levels and is now at level 12!
You have reached level 6!
The goblin hits you but does no damage. Duvessa barely misses you.
Dowan points at you and mumbles some strange words.
The puff of flame hits you but does no damage.
Unknown command.
Unknown command.
Okay, then.
You hit Duvessa with your +2 dagger of venom.
Duvessa looks as sick as possible!
Duvessa is almost dead.
You barely miss Duvessa with your +0 flail.
Duvessa completely misses you. The goblin hits you but does no damage.
Duvessa hits you with a +0 short sword.
* * * LOW HITPOINT WARNING * * *
Dowan hits you but does no damage.
Unknown command.
You hit Duvessa but do no damage.
Duvessa looks as sick as possible!
Duvessa is almost dead.
You hit Duvessa but do no damage. The goblin hits you with a +0 club.
* * * LOW HITPOINT WARNING * * *
Duvessa hits you with a +0 short sword.
* * * LOW HITPOINT WARNING * * *
Dowan hits you with a +2 dagger of speed.
You die...

.#### # #....
#.#########..#
..........#..######
...?...............
......e.$..........
......g@e..........
#.#.#####..........
#.....†########
#..............
..........>#####
##########.#
.#########..#
.......=....# ..
............#


You could see Duvessa (fast, extremely poisoned), Dowan (very poisoned) and a
goblin.

Vanquished Creatures
  Natasha (thrice) (D:2)
  4 adders
  3 dart slugs
  7 orcs (D:3)
  4 bats
  3 endoplasms
  4 giant cockroaches
  7 goblins
  3 hobgoblins
  11 kobolds
  2 quokkas
  6 ball pythons
  4 frilled lizards
  5 rats
66 creatures vanquished.

Notes
Turn   | Place    | Note
-------+----------+-------------------------------------------
     0 | D:1      | DEFE the Coglin Fighter began the quest for the Orb.
     0 | D:1      | Reached XP level 1. HP: 18/18 MP: 1/1
   187 | D:1      | Reached skill level 2 in Maces & Flails
   383 | D:1      | Reached XP level 2. HP: 24/24 MP: 2/2
   708 | D:1      | Reached skill level 3 in Maces & Flails
   860 | D:1      | Reached XP level 3. HP: 28/29 MP: 3/3
  1083 | D:2      | Noticed Natasha
  1085 | D:2      | Killed Natasha
  1187 | D:2      | Reached XP level 4. HP: 35/35 MP: 4/4
  1339 | D:2      | Noticed Natasha
  1343 | D:2      | Killed Natasha
  1344 | D:2      | Reached skill level 4 in Maces & Flails
  1514 | D:2      | Noticed Natasha
  1522 | D:2      | Killed Natasha
  1523 | D:2      | Reached XP level 5. HP: 29/41 MP: 5/5
  2009 | D:3      | Reached skill level 5 in Maces & Flails
  2616 | D:4      | Noticed Dowan
  2618 | D:4      | Noticed Duvessa
  2626 | D:4      | Reached skill level 12 in Maces & Flails
  2626 | D:4      | Reached XP level 6. HP: 14/47 MP: 6/6
  2628 | D:4      | Slain by Dowan

Illustrated notes

Levels and vault maps discovered:
D:1:      tarquinn_simple_flora_water_c, layout_loops_corners
D:2:      layout_loops_cross, uniq_natasha
D:3:      corexii_shack_village, layout_loops_cross, kennysheep_small_spiral,
          kennysheep_generic_room_8
D:4:      minmay_inner_zag, layout_basic, uniq_duvessa

Skill      XL: |  1  2  3  4  5 |
---------------+----------------+-----
Maces & Flails | 2 3 4 12 | 12.1
Fighting       | |  3.0
Armour         | |  2.6
Shields        | |  2.1

Action                     |  1- 3 |  4- 6 || total
---------------------------+-------+-------++-------
  Melee: Flail             |    63 |    85 ||   148
         Dagger            |    33 |    78 ||   111
    Use: Potion            |       |     1 ||     1
 Armour: Scale mail        |    50 |    80 ||   130
  Dodge: Dodged            |    26 |    44 ||    70
  Block: Buckler           |    10 |       ||    10

Table legend: (Time is in decaauts)
 A = Elapsed time spent in this place.
 B = Non-inter-level travel time spent in this place.
 C = Inter-level travel time spent in this place.
 D = Time resting spent in this place.
 E = Time spent auto-exploring this place.
 F = Levels seen in this place.
 G = Mean time per level.
                   A        B        C        D        E       F      G
               +--------+--------+--------+--------+--------+-----+--------+
         Total |   2665 |   2568 |     97 |      6 |   2122 |   4 |  666.2 |
       Dungeon |   2665 |   2568 |     97 |      6 |   2122 |   4 |  666.2 |
               +--------+--------+--------+--------+--------+-----+--------+

Top non-repeatable levels by time:
     D:3: 993 daAuts
     D:1: 926 daAuts
     D:2: 694 daAuts
     D:4: 51 daAuts
